 Dungeon Sprint DCSS version 0.21-a0-110-g8e1637b (webtiles) character file.

7 Kidiri the Sneak (level 1, -9/9 HPs)
             Began as a Spriggan Enchanter on July 9, 2017.
             Mangled by a worm (11 damage)
             ... in the Dungeon (Sprint II: "The Violet Keep of Menkaure").
             The game lasted 00:00:41 (414 turns).

Kidiri the Sneak (Spriggan Enchanter)                Turns: 414, Time: 00:00:41

Health: -9/9       AC:  2    Str:  4    XL:     1   Next: 83%
Magic:  5/5        EV: 19    Int: 16    God:
Gold:   243        SH:  0    Dex: 16    Spells: 5/6 levels left

rFire    . . .     SeeInvis +   a - +1 dagger
rCold    . . .     Gourm    .   (shield restricted)
rNeg     . . .     Faith    .   b - +0 robe
rPois    .         Spirit   .   (helmet restricted)
rElec    .         Reflect  .   (no cloak)
rCorr    .         Harm     .   (gloves unavailable)
MR       .....     NoTele   +   (boots unavailable)
Stlth    +++.......             (no amulet)
HPRegen  0.03/turn              (no ring)
MPRegen  0.09/turn              (no ring)

@: very quick
A: unfitting armour, see invisible, herbivore 3, speed 3, slow metabolism 2
a: no special abilities


You were in the Dungeon.
You were not hungry.

You visited 1 branch You collected 243 gold pieces.

Inventory:

Hand Weapons
 a - a +1 dagger (weapon)
Armour
 b - a +0 robe (worn)
Scrolls
 j - a scroll of blinking
Potions
 e - a potion of curing
 f - a potion of heal wounds
 g - a potion of haste
 h - 2 potions of magic
Books
 c - a book of Maledictions

   Spells                             Type                      Level
   a - Corona                         Hexes                        1
   b - Ensorcelled Hibernation        Hexes/Ice                    2
   c - Confuse                        Hexes                        3
   d - Tukima's Dance                 Hexes                        3
   e - Dazzling Spray                 Conjuration/Hexes            3
Comestibles
 d - a bread ration


   Skills:
 + Level 0.5 Fighting
 * Level 2.1 Short Blades
 + Level 0.5 Armour
 * Level 3.5 Dodging
 * Level 4.9 Stealth
 * Level 3.2 Spellcasting
 + Level 3.9 Hexes


You had 5 spell levels left.
You knew the following spells:

 Your Spells              Type           Power        Failure   Level  Hunger
a - Corona                Hex            ###....      3%          1    None


Dungeon Overview and Level Annotations

Branches:
Dungeon (1/1)

Altars:


Innate Abilities, Weirdness & Mutations

You are very small and have problems with some larger weapons.
You are too small for most types of armour.
You have supernaturally acute eyesight. (SInv)
You are a herbivore.
You cover ground extremely quickly.
You need consume almost no food.


Message History

You hit the worm but do no damage.
The worm is lightly wounded.
The worm barely misses you.
You barely miss the worm.
The worm is lightly wounded.
You hit the worm.
The worm is moderately wounded.
The worm barely misses you.
You hit the worm.
The worm is moderately wounded.
You hit the worm.
The worm is heavily wounded.
The worm closely misses you.
You barely miss the worm.
The worm is moderately wounded.
You hit the worm.
The worm is heavily wounded.
The worm bites you!
Ouch! That really hurt!
You die...

# .#. # ##.
#+# 3#
#$w.##.##3#
#+.<.+$#
#..w##.##.3#
##. #'## 3#
# ###..## #
#.##..#
#.#@## ##w##
#≈≈≈≈≈≈≈≈≈≈§
#+++#+++#§≈§


zzz zzz §§§≈§ §§§§≈ §§≈..≈§ You could see 4 flying skulls and a worm.

Vanquished Creatures
  2 worms (D)
2 creatures vanquished.

Vanquished Creatures (others)
  A crocodile (D)
1 creature vanquished.

Grand Total: 3 creatures vanquished

Notes
Turn   | Place    | Note
-------+----------+-------------------------------------------
     0 | D        | Kidiri the Spriggan Enchanter began the quest for the Orb.
     0 | D        | Reached XP level 1. HP: 9/9 MP: 5/5
     1 | D        | Noticed a hippogriff
     1 | D        | Noticed a hippogriff
     4 | D        | Noticed a neqoxec
     4 | D        | Noticed a neqoxec
     4 | D        | Noticed a neqoxec
     4 | D        | Noticed a neqoxec
    10 | D        | Noticed a tyrant leech
    10 | D        | Noticed a tyrant leech
   108 | D        | Killed a crocodile
   124 | D        | Noticed a flying skull
   125 | D        | Noticed a flying skull
   125 | D        | Noticed a flying skull
   125 | D        | Noticed a flying skull
   125 | D        | Noticed a flying skull
   125 | D        | Noticed a flying skull
   394 | D        | Noticed a flying skull
   394 | D        | Noticed a flying skull
   394 | D        | Noticed a flying skull
   395 | D        | Noticed a flying skull
   398 | D        | Noticed a flying skull
   402 | D        | Noticed a flying skull
   414 | D        | Mangled by a worm

Vault maps used:
D:        the_violet_keep_of_menkaure

Skill      XL: |  1 |
---------------+----+-----
Spellcasting   | 3 |  3.2
Short Blades   | 2 |  2.1
Fighting       | |  0.5
Armour         | |  0.5
Dodging        | |  3.5
Stealth        | |  4.9
Hexes          | |  3.9

Action                   || total
-------------------------++-------
Melee: Dagger            ||    22
 Cast: Corona            ||     1
  Use: Potion            ||     1
Dodge: Dodged            ||     9
